Map: Proxima Station LE

Players

TheoRy - Winner!

  • Race: Protoss Protoss
  • Spawn Location: 1:00

PengWin

  • Race: Zerg Zerg
  • Spawn Location: 7:00

Event: WCS Austin 2017

VOD

Have the link to the VOD?

Description

Time

  • Played on: April 28, 2017, 3:09 p.m.
  • Length: 20:32

All games in this series

Show
View Real Time Build Order
Export as new Build Order

TheoRy Protoss - Winner!

Build Orders: 1 Gate Expand, Oracle Opening 

Get SALT Encoding   

  12  0:00  Probe (Chrono Boost)  
  13  0:11  Probe (Chrono Boost)  
  14  0:18  Pylon  
  14  0:22  Probe (Chrono Boost)  
  15  0:37  Probe (Chrono Boost)  
  16  0:46  Gateway  
  16  0:47  Probe (Chrono Boost)  
  17  0:52  Assimilator  
  17  0:58  Probe (Chrono Boost)  
  18  1:08  Probe (Chrono Boost)  
  19  1:19  Probe (Chrono Boost)  
  20  1:29  Probe (Chrono Boost)  
  21  1:34  Nexus  
  21  1:40  Probe (Chrono Boost)  
  21  1:43  Cybernetics Core  
  22  1:50  Pylon  
  23  1:54  Probe (Chrono Boost)  
  23  2:00  Assimilator  
  23  2:05  Pylon  
  23  2:10  Probe (Chrono Boost)  
  24  2:17  Stalker  
  24  2:22  Probe (Chrono Boost)  
  27  2:23  Warp Gate  
  27  2:34  Probe (Chrono Boost)  
  28  2:46  Mothership Core (Chrono Boost), Probe (Chrono Boost)  
  31  2:56  Probe (Chrono Boost)  
  32  2:59  Stargate  
  32  3:01  Pylon  
  32  3:05  Probe (Chrono Boost)  
  33  3:07  Probe (Chrono Boost)  
  34  3:15  Probe (Chrono Boost)  
  34  3:17  Probe (Chrono Boost)  
  36  3:21  Adept  
  36  3:26  Probe (Chrono Boost), Gateway  
  39  3:28  Probe (Chrono Boost)  
  39  3:30  Gateway  
  40  3:37  Probe (Chrono Boost), Oracle  
  40  3:38  Probe (Chrono Boost)  
  46  3:48  Adept  
  46  3:49  Probe x2 (Chrono Boost)  
  46  3:54  Pylon  
  49  4:02  Probe (Chrono Boost)  
  50  4:03  Probe (Chrono Boost)  
  51  4:11  Nexus  
  51  4:14  Pylon  
  51  4:22  Stargate  
  51  4:26  Assimilator  
  51  4:27  Probe (Chrono Boost)  
  51  4:29  Assimilator  
  51  4:30  Adept  
  54  4:32  Adept  
  54  4:34  Probe (Chrono Boost)  
  57  4:49  Fleet Beacon  
  57  4:52  Probe (Chrono Boost)  
  58  5:00  Adept  
  58  5:01  Adept  
  58  5:03  Pylon  
  58  5:05  Probe (Chrono Boost)  
  58  5:06  Pylon  
  58  5:07  Probe (Chrono Boost), Phoenix  
  66  5:17  Probe (Chrono Boost)  
  66  5:19  Probe (Chrono Boost)  
  68  5:23  Pylon  
  68  5:29  Probe (Chrono Boost), Pylon  
  68  5:30  Phoenix  
  68  5:31  Probe (Chrono Boost)  
  68  5:34  Phoenix  
  74  5:39  Probe (Chrono Boost)  
  71  5:45  Probe (Chrono Boost)  
  71  5:47  Probe (Chrono Boost)  
  71  5:48  Assimilator  
  67  5:53  Assimilator, Adept x2  
  67  5:54  Adept  
  67  5:56  Probe (Chrono Boost)  
  74  6:08  Phoenix  
  74  6:11  Probe (Chrono Boost)  
  81  6:16  Probe (Chrono Boost)  
  81  6:18  Probe (Chrono Boost)  
  85  6:23  Forge, Probe (Chrono Boost)  
  85  6:25  Stargate  
  86  6:26  Probe (Chrono Boost)  
  86  6:28  Probe (Chrono Boost)  
  88  6:36  Probe (Chrono Boost)  
  89  6:42  Probe (Chrono Boost), Adept x2  
  89  6:43  Adept  
  89  6:46  Pylon  
  96  6:52  Void Ray  
  96  6:53  Protoss Air Weapons Level 1  
  99  6:55  Probe (Chrono Boost)  
  103  7:05  Pylon  
  99  7:09  Photon Cannon x2  
  99  7:13  Sentry  
  101  7:21  Carrier  
  101  7:22  Carrier  
  103  7:26  Probe (Chrono Boost)  
  103  7:27  Probe (Chrono Boost)  
  111  7:31  Probe (Chrono Boost)  
  111  7:37  Stargate  
  113  7:38  Probe x2 (Chrono Boost)  
  113  7:42  Probe (Chrono Boost)  
  113  7:43  Pylon, Photon Cannon  
  115  7:47  Carrier  
  115  7:48  Probe (Chrono Boost)  
  115  7:50  Probe (Chrono Boost)  
  117  7:52  Probe (Chrono Boost)  
  121  7:59  Probe (Chrono Boost)  
  121  8:04  Photon Cannon  
  122  8:06  Photon Cannon  
  122  8:11  Carrier  
  122  8:12  Photon Cannon  
  122  8:13  Photon Cannon  
  122  8:26  Sentry  
  130  8:27  Stalker x2  
  130  8:32  Twilight Council  
  134  8:37  Pylon  
  134  8:43  Graviton Catapult  
  134  8:45  Photon Cannon  
  134  8:46  Carrier  
  134  8:47  Carrier  
  140  8:50  Pylon  
  146  9:16  Nexus  
  144  9:19  Pylon  
  144  9:23  Pylon  
  144  9:28  Robotics Facility, Carrier  
  144  9:29  Assimilator  
  144  9:30  Protoss Air Weapons Level 2  
  150  9:33  Assimilator  
  150  9:37  Photon Cannon  
  150  9:39  Photon Cannon  
  150  9:40  Probe (Chrono Boost)  
  149  9:48  Adept x3  
  149  9:51  Probe (Chrono Boost)  
  156  9:59  Probe (Chrono Boost)  
  157  10:05  Nexus  
  157  10:08  Assimilator  
  157  10:11  Assimilator  
  157  10:12  Nexus  
  157  10:13  Probe (Chrono Boost)  
  158  10:15  Photon Cannon  
  158  10:16  Photon Cannon  
  158  10:18  Observer  
  159  10:22  Carrier  
  168  10:28  Probe (Chrono Boost)  
  168  10:29  Probe (Chrono Boost)  
  168  10:30  Probe (Chrono Boost)  
  168  10:37  Pylon x2  
  170  10:43  Carrier  
  168  10:51  Pylon  
  168  10:52  Photon Cannon  
  168  10:54  Templar Archives  
  174  11:00  Oracle  
  175  11:04  Pylon  
  175  11:06  Pylon  
  175  11:08  Carrier  
  176  11:22  Psionic Storm  
  181  11:30  High Templar x3  
  187  11:35  Photon Cannon  
  187  11:36  Oracle  
  187  11:37  Photon Cannon  
  190  11:48  Carrier  
  190  11:51  Warp Prism  
  198  12:04  Photon Cannon  
  198  12:06  Robotics Facility, Photon Cannon  
  198  12:07  Photon Cannon  
  198  12:14  Zealot  
  193  12:26  Oracle  
  193  12:28  Probe (Chrono Boost), Carrier  
  193  12:29  Probe (Chrono Boost)  
  196  12:31  Observer  
  196  12:37  High Templar x2  
  198  12:40  Carrier  
  186  12:56  Stargate  
  192  12:59  Observer x2  
  192  13:04  Nexus  
  192  13:05  High Templar  
  196  13:07  Assimilator  
  196  13:12  Assimilator  
  196  13:13  Pylon  
  196  13:14  Pylon  
  196  13:18  Oracle  
  196  13:19  Protoss Air Weapons Level 3  
  199  13:20  Protoss Shields Level 1  
  199  13:43  Photon Cannon  
  199  13:45  Photon Cannon  
  199  13:46  Photon Cannon  
  199  13:47  Photon Cannon  
  199  13:48  Photon Cannon  
  199  13:53  High Templar  
  199  14:09  Dark Shrine  
  199  14:21  Archon x2  
  197  14:27  High Templar  
  199  14:45  Probe (Chrono Boost)  
  200  14:46  Pylon  
  200  14:47  Photon Cannon  
  200  14:48  Photon Cannon  
  197  15:03  Zealot  
  195  15:07  Zealot x2  
  195  15:10  Pylon  
  199  15:28  Pylon x2  
  197  15:32  Nexus  
  197  15:34  Assimilator  
  195  15:39  Assimilator  
  195  15:40  High Templar x2  
  195  15:42  Photon Cannon  
  199  15:45  Pylon  
  199  15:56  Protoss Air Armor Level 1  
  199  15:57  Pylon  
  198  16:17  Photon Cannon  
  196  16:19  Photon Cannon  
  196  16:21  Photon Cannon  
  196  16:22  Photon Cannon  
  196  16:23  Photon Cannon  
  192  16:25  Photon Cannon  
  192  16:28  Dark Templar  
  192  16:29  Dark Templar x2  
  196  17:02  Nexus  
  196  17:05  Assimilator  
  196  17:06  Dark Templar x2  
  200  17:09  Assimilator  
  200  17:11  Pylon  
  200  17:13  Pylon  
  195  17:16  Pylon  
  195  17:19  Stalker  
  193  17:37  Photon Cannon  
  193  17:38  Photon Cannon  
  193  17:39  Photon Cannon  
  193  17:41  Photon Cannon  
  193  17:43  Dark Templar  
  193  17:44  Dark Templar x2  
  191  17:45  Photon Cannon  
  193  18:03  Stargate  
  193  18:04  Stargate  
  193  18:07  Stargate  
  192  18:13  Gateway  
  192  18:15  Archon  
  192  18:18  Dark Templar x3  
  183  18:34  Carrier  
  183  18:41  Probe (Chrono Boost)  
  183  18:46  Void Ray  
  187  18:52  Probe (Chrono Boost)  
  188  18:55  Zealot  
  188  18:56  Dark Templar x2  
  188  19:02  Probe (Chrono Boost)  
  187  19:10  Void Ray x3  
  187  19:13  Probe (Chrono Boost)  
  197  19:23  Zealot x2  
  193  19:33  Photon Cannon  
  193  19:35  Photon Cannon  
  193  19:37  Photon Cannon  
  193  19:39  Photon Cannon  
  193  19:44  Probe (Chrono Boost)  
  191  19:46  Mothership Core (Chrono Boost)  
  191  19:47  Archon  
  191  19:50  Zealot x4  
  191  20:07  Stargate  
  191  20:09  Stargate  
  168  20:23  Photon Cannon  
  168  20:24  Photon Cannon  
  168  20:26  Photon Cannon  
  168  20:27  Photon Cannon  
  152  20:30  Nexus  
  152  20:31  Pylon  
Show
View Real Time Build Order
Export as new Build Order

PengWin Zerg 

Build Orders: Hatch First 

Get SALT Encoding   

  12  0:01  Drone  
  13  0:13  Overlord  
  13  0:18  Drone  
  14  0:32  Drone x2  
  16  0:48  Hatchery  
  15  0:56  Drone  
  16  1:06  Spawning Pool  
  16  1:10  Drone  
  16  1:13  Drone  
  16  1:16  Extractor  
  16  1:19  Drone  
  17  1:42  Drone  
  18  1:53  Queen  
  18  1:54  Zergling x2  
  21  1:56  Drone  
  21  1:57  Overlord  
  21  2:00  Queen  
  24  2:06  Drone  
  25  2:11  Drone  
  25  2:12  Drone  
  27  2:19  Drone  
  28  2:24  Metabolic Boost  
  28  2:26  Drone  
  28  2:27  Drone  
  30  2:34  Queen  
  32  2:40  Overlord  
  32  2:49  Drone x3  
  35  2:58  Queen  
  35  3:02  Drone x2  
  35  3:03  Drone  
  40  3:07  Overlord  
  40  3:20  Overlord x2  
  40  3:21  Drone x2  
  40  3:23  Drone  
  40  3:24  Drone  
  44  3:31  Lair  
  44  3:34  Extractor  
  44  3:35  Extractor  
  44  3:39  Evolution Chamber  
  41  3:44  Drone x3  
  44  3:50  Drone x3  
  44  3:52  Drone  
  48  3:56  Drone x3, Extractor  
  50  4:06  Spore Crawler  
  50  4:07  Zerg Melee Weapons Level 1, Spore Crawler  
  50  4:09  Zergling x4  
  50  4:15  Zergling x4  
  52  4:17  Overlord  
  52  4:19  Overlord  
  52  4:30  Infestation Pit  
  51  4:32  Drone, Baneling Nest  
  51  4:33  Drone  
  51  4:35  Zergling x2  
  51  4:36  Zergling x2  
  51  4:46  Drone x3  
  51  4:48  Drone  
  54  4:59  Drone  
  54  5:00  Drone  
  54  5:01  Drone x2  
  56  5:10  Overseer  
  56  5:15  Burrow, Pathogen Glands  
  56  5:20  Zergling x12  
  62  5:24  Baneling x3  
  62  5:25  Baneling x3  
  62  5:28  Zergling x2  
  62  5:29  Zergling x2  
  60  5:47  Drone x2  
  62  5:55  Overlord x4  
  62  5:57  Hydralisk Den  
  61  6:09  Evolution Chamber  
  60  6:12  Infestor x4  
  68  6:21  Hatchery  
  67  6:26  Infestor  
  69  6:45  Zerg Melee Weapons Level 2  
  69  6:46  Zerg Missile Weapons Level 1  
  69  7:07  Muscular Augments  
  69  7:11  Drone x10  
  69  7:12  Drone x4  
  83  7:26  Extractor  
  83  7:28  Extractor  
  81  7:31  Overlord x2  
  81  7:32  Neural Parasite, Centrifical Hooks  
  81  7:39  Queen  
  81  7:40  Spore Crawler  
  81  7:48  Drone x8  
  89  8:04  Hive  
  89  8:13  Zergling x2  
  89  8:14  Zergling x26  
  103  8:34  Hatchery  
  102  8:38  Infestor  
  102  8:39  Overlord  
  102  8:40  Overlord x2  
  104  8:56  Zerg Missile Weapons Level 2  
  104  8:59  Drone x3  
  104  9:00  Drone x8  
  104  9:01  Zerg Ground Armor Level 1  
  114  9:22  Hydralisk  
  114  9:23  Hydralisk x7  
  130  9:24  Ultralisk Cavern  
  130  9:27  Overlord  
  130  9:30  Overseer, Pneumatized Carapace  
  129  9:34  Overlord x3  
  129  9:35  Overlord  
  121  10:00  Queen  
  121  10:02  Hydralisk x6  
  121  10:03  Hydralisk x4  
  142  10:15  Chitinous Plating  
  142  10:20  Extractor  
  142  10:21  Extractor  
  140  10:30  Drone x3  
  140  10:31  Drone x3  
  140  10:34  Spore Crawler  
  145  10:37  Infestor, Hatchery  
  145  10:38  Infestor x4  
  154  10:43  Adrenal Glands  
  154  11:03  Drone x3  
  157  11:05  Ultralisk x2  
  157  11:06  Overlord x2  
  157  11:07  Overlord x2  
  169  11:22  Ultralisk  
  175  11:29  Ultralisk x2  
  175  11:30  Zergling x4  
  175  11:31  Zergling x10  
  194  11:33  Zergling x4  
  196  11:42  Zergling x6  
  196  11:45  Zerg Ground Armor Level 2  
  199  11:48  Zerg Melee Weapons Level 3  
  199  12:05  Baneling x15  
  192  12:32  Zergling x16  
  199  12:43  Queen  
  199  13:04  Spire  
  199  13:05  Spire  
  197  13:09  Hatchery  
  197  13:12  Baneling x7  
  196  13:13  Baneling x11  
  196  13:14  Zergling x6  
  199  13:20  Hatchery  
  198  13:38  Extractor  
  197  13:42  Drone x2, Extractor  
  197  13:45  Drone  
  189  14:06  Hydralisk x5  
  176  14:40  Drone x3, Queen  
  176  14:44  Zerg Flyer Armor Level 1  
  181  14:46  Viper x3  
  181  14:47  Viper x2  
  196  15:05  Overseer  
  196  15:06  Overseer  
  196  15:07  Overseer x4  
  196  15:10  Queen  
  198  15:18  Zergling x4  
  200  15:26  Zerg Missile Weapons Level 3, Zerg Ground Armor Level 3  
  196  15:32  Hydralisk x3  
  200  15:35  Extractor  
  200  15:37  Extractor  
  197  15:59  Extractor  
  197  16:00  Extractor  
  195  16:17  Zerg Flyer Weapons Level 1  
  189  16:29  Hydralisk x5  
  193  16:57  Drone x6  
  150  17:23  Overlord x2  
  150  17:24  Overlord x6  
  143  17:49  Corruptor  
  143  17:50  Corruptor x22  
  143  17:51  Corruptor x3  
  189  17:53  Overlord  
  189  17:54  Overlord x2  
  189  17:55  Overseer  
  189  17:58  Overseer  
  185  18:26  Corruptor x2  
  169  18:27  Corruptor x2  
  169  18:28  Corruptor x3  
  171  18:35  Overseer x3  
  171  18:36  Overseer  
  163  18:45  Corruptor x2  
  163  18:46  Corruptor x6  
  151  19:13  Zergling x28  
  151  19:14  Zergling x6  
  155  19:27  Zergling x6  
  155  19:29  Hydralisk x3  
Tags
 
Add a new tag
Caveats
  • Supply blocks, unpowered buildings, or Contaminate may cause inaccurate times.
  • Supply counts are checked every 10 seconds.